 Dungeon Crawl Stone Soup version 0.30-a0-137-gd8773701ce (webtiles) character file.

Game seed: 12822537681076579689

592 jimonade the Skirmisher (level 7, -1/50 HPs)
             Began as a Formicid Hunter on Sept 21, 2022.
             Slain by an iguana (10 damage)
             ... on level 5 of the Dungeon.
             The game lasted 00:05:45 (4012 turns).

jimonade the Skirmisher (Formicid Hunter)           Turns: 4012, Time: 00:05:46

Health: -1/50      AC: 15    Str: 15    XL:     7   Next: 66%
Magic:  7/7        EV: 10    Int: 15    God:
Gold:   194        SH:  0    Dex: 19    Spells: 6/6 levels left

rFire   . . .      SeeInvis +    a - +0 shortbow
rCold   . . .      Faith    .    (no shield)
rNeg    . . .      Spirit   .    z - +3 scale mail
rPois   .          Reflect  .    (helmet unavailable)
rElec   .          Harm     .    (no cloak)
rCorr   .          Rampage  .    t - +2 pair of gloves
Will    .....                    d - +2 pair of boots
Stlth   +.........               (no amulet)
HPRegen 0.16/turn                m - +6 ring of intelligence
MPRegen 0.10/turn                (no ring)

@: no status effects
A: permanent stasis, dig shafts and tunnels, antennae 3, four strong arms
a: Dig, Shaft Self


You were on level 5 of the Dungeon.
You visited 1 branch of the dungeon, and saw 5 of its levels.

You collected 194 gold pieces.

Inventory:

Hand Weapons
 a - a +0 shortbow (weapon)
 o - a +0 rapier
 y - a +0 sling
Missiles
 v - 5 poisoned darts
Armour
 c - a +0 leather armour
 d - a +2 pair of boots (worn)
 p - a +1 leather armour of positive energy
 t - a +2 pair of gloves (worn)
 z - a +3 scale mail (worn)
Jewellery
 m - a +6 ring of intelligence (left hand)
Scrolls
 b - a scroll of immolation
 e - 4 scrolls of teleportation {unknown}
 f - a scroll of enchant weapon {unknown}
 h - a scroll of acquirement {unknown}
 i - a scroll of blinking {unknown}
 j - a scroll of enchant armour {unknown}
 l - 3 scrolls of identify {unknown}
 q - a scroll of poison {unknown}
 r - a scroll of fear {unknown}
 s - a scroll of silence {unknown}
 x - a scroll of brand weapon {unknown}
Potions
 g - 2 potions of might {unknown}
 k - 3 potions of brilliance {unknown}
 n - a potion of degeneration {unknown}
 u - a potion of berserk rage {unknown}
 w - 4 potions of curing {unknown}
 A - a potion of attraction {unknown}


   Skills:
 - Level 2.1 Fighting
 + Level 8.8 Ranged Weapons
 - Level 1.7 Dodging
 - Level 1.2 Stealth


You had 6 spell levels left.
You didn't know any spells.
Your spell library contained the following spells:

 Spells                   Type           Power      Damage    Failure   Level
 Necrotise                Necr           0%         1d4       75%         1
 Vampiric Draining        Necr           0%         2d6       98%         3
 Agony                    Necr           0%         N/A       100%        5
 Fireball                 Conj/Fire      0%         3d3       100%        5
 Starburst                Conj/Fire      0%         6d3       100%        6
 Ignition                 Fire           0%         3d3       100%        8


Dungeon Overview and Level Annotations

Branches:
Dungeon (5/15)
 Temple: D:4-7

Altars:
Elyvilon
Zin


Innate Abilities, Weirdness & Mutations

You cannot be hasted, slowed, berserked, paralysed or teleported.
You can dig through walls and to a lower floor.
You have a pair of large antennae on your head. (SInv)
Your four strong arms can wield two-handed weapons with a shield.


Message History

The arrow hits the iguana but does no damage.
The iguana is moderately wounded.
The iguana bites you but does no damage.
You shoot an arrow. The arrow barely misses the iguana.
The iguana closely misses you.
Fire: a) +0 shortbow
Press: ? - help, Q - select action, (/) - cycle Shift-Dir - straight line, f/p - iguana
Aim: an iguana (moderately wounded, 69% to hit)
You shoot an arrow. The arrow closely misses the iguana.
The iguana bites you but does no damage.
The iguana bites you.
Fire: a) +0 shortbow
Press: ? - help, Q - select action, (/) - cycle Shift-Dir - straight line, f/p - iguana
Aim: an iguana (moderately wounded, 69% to hit)
You shoot an arrow. The arrow hits the iguana.
The iguana is heavily wounded.
The iguana bites you!
* * * LOW HITPOINT WARNING * * *
Fire: a) +0 shortbow
Press: ? - help, Q - select action, (/) - cycle Shift-Dir - straight line, f/p - iguana
Aim: an iguana (heavily wounded, 69% to hit)
You shoot an arrow.
The arrow hits the iguana but does no damage.
The iguana is heavily wounded.
The iguana barely misses you.
Fire: a) +0 shortbow
Press: ? - help, Q - select action, (/) - cycle Shift-Dir - straight line, f/p - iguana
Aim: an iguana (heavily wounded, 69% to hit)
You shoot an arrow.
The arrow hits the iguana but does no damage.
The iguana is heavily wounded.
The iguana bites you.
* * * LOW HITPOINT WARNING * * *
Fire: a) +0 shortbow
Press: ? - help, Q - select action, (/) - cycle Shift-Dir - straight line, f/p - iguana
Aim: an iguana (heavily wounded, 69% to hit)
You shoot an arrow. The arrow hits the iguana.
The iguana is severely wounded.
The iguana closely misses you. The iguana bites you!
You die...

##
#...#####
...>..l.#
#@# #.#
#.# #.#
#.# #.#
#.# #.#
#.#


You could see an iguana.

Vanquished Creatures
  2 ogres
  A phantom (D:4)
  A scorpion (D:4)
  A hound (D:4)
  An orc priest (D:3)
  An iguana (D:4)
  4 gnolls (D:4)
  5 adders
  A white imp (D:5)
  An ufetubus (D:4)
  3 worms
  6 dart slugs
  8 orcs
  7 ball pythons
  4 bats
  5 endoplasms
  2 giant cockroaches
  9 hobgoblins
  6 jackals (D:2)
  4 kobolds
  4 quokkas
  A frilled lizard (D:1)
  5 goblins
  7 rats
89 creatures vanquished.

Notes
Turn   | Place    | Note
-------+----------+-------------------------------------------
     0 | D:1      | jimonade the Formicid Hunter began the quest for the Orb.
     0 | D:1      | Reached XP level 1. HP: 16/16 MP: 1/1
    28 | D:1      | Found a faded altar of an unknown god.
    89 | D:1      | Reached XP level 2. HP: 22/22 MP: 2/2
   508 | D:1      | Reached XP level 3. HP: 27/27 MP: 3/3
   568 | D:1      | Reached skill level 5 in Ranged Weapons
   939 | D:2      | Reached XP level 4. HP: 28/33 MP: 4/4
  1715 | D:3      | Reached skill level 6 in Ranged Weapons
  1715 | D:3      | Reached XP level 5. HP: 38/38 MP: 5/5
  1725 | D:3      | Found a white marble altar of Elyvilon.
  1877 | D:3      | Found a glowing silver altar of Zin.
  2438 | D:3      | Noticed an ogre
  2443 | D:3      | Killed an ogre
  2444 | D:3      | Reached skill level 7 in Ranged Weapons
  2444 | D:3      | Reached XP level 6. HP: 44/44 MP: 6/6
  2862 | D:4      | Reached skill level 8 in Ranged Weapons
  2862 | D:4      | Reached XP level 7. HP: 50/50 MP: 7/7
  3783 | D:5      | Entered Level 5 of the Dungeon
  4012 | D:5      | Slain by an iguana

Illustrated notes

Levels and vault maps discovered:
D:1:      matt_arrival_grand_opening, layout_basic, basic_ecumenical_altar,
          minmay_misc_feat_secret_circle
D:2:      layout_basic
D:3:      layout_loops_ring, mainiacjoe_overflow_surrounded_room,
          lemuel_coloured_pillars_altar, grunt_ministairs_8
D:4:      layout_loops_cross, corexii_hall_statues_u, st_stairs_3,
          kennysheep_generic_room_9
D:5:      layout_loops_ring, lemuel_temple_firewalk_b

Skill      XL: |  1  2  3  4  5  6 |
---------------+-------------------+-----
Ranged Weapons | 5 6 7 8 |  8.8
Fighting       | |  2.1
Dodging        | |  1.7
Stealth        | |  1.2

Action                   |  1- 3 |  4- 6 |  7- 9 || total
-------------------------+-------+-------+-------++-------
 Fire: Shortbow          |    72 |   135 |   128 ||   335
Armor: Leather armour    |     9 |    19 |    20 ||    48
       Scale mail        |       |       |     7 ||     7
Dodge: Dodged            |    15 |    35 |    33 ||    83

Table legend: (Time is in decaauts)
 A = Elapsed time spent in this place.
 B = Non-inter-level travel time spent in this place.
 C = Inter-level travel time spent in this place.
 D = Time resting spent in this place.
 E = Time spent auto-exploring this place.
 F = Levels seen in this place.
 G = Mean time per level.
                   A        B        C        D        E       F      G
               +--------+--------+--------+--------+--------+-----+--------+
         Total |   4084 |   3974 |    110 |    415 |   2851 |   5 |  816.8 |
       Dungeon |   4084 |   3974 |    110 |    415 |   2851 |   5 |  816.8 |
               +--------+--------+--------+--------+--------+-----+--------+

Top non-repeatable levels by time:
     D:4: 1264 daAuts
     D:2: 945 daAuts
     D:3: 908 daAuts
     D:1: 728 daAuts
     D:5: 237 daAuts
